 Dungeon Crawl Stone Soup version 0.25-a0-577-ga4619f409e (webtiles) character file.

Game seed: 13161274046396037043, levelgen mode: deterministic

1906 kae the Covert (level 8, -4/41 HPs)
             Began as a Vampire Enchanter on Mar 2, 2020.
             Splashed by an oklob plant's acid (14 damage)
             ... on level 6 of the Dungeon.
             The game lasted 00:07:27 (5751 turns).

kae the Covert (Vampire Enchanter)                  Turns: 5751, Time: 00:07:28

Health: -4/41      AC:  3    Str:  9    XL:     8   Next: 94%
Magic:  15/15      EV: 13    Int: 17    God:
Gold:   61         SH:  0    Dex: 18    Spells: 5/17 levels left

rFire    . . .     SeeInvis +   a - +2 dagger
rCold    + + .     Gourm    .   (no shield)
rNeg     + + +     Faith    .   b - +1 robe
rPois    ∞         Spirit   .   (no helmet)
rElec    .         Reflect  .   u - +0 cloak
rCorr    .         Harm     .   y - +2 pair of gloves
MR       +....                  (no boots)
Stlth    ++++++....             (no amulet)
HPRegen  0.00/turn              i - ring of wizardry
MPRegen  0.14/turn              x - ring of Ytwiut {MR+ Dex+3 Slay+1}

@: corroded, bloodless
A: no food, fangs 3, see invisible, unbreathing
a: Bat Form, Revivify


You were on level 6 of the Dungeon.
You were bloodless.

You visited 1 branch of the dungeon, and saw 6 of its levels.

You collected 383 gold pieces.
You spent 322 gold pieces at shops.

Inventory:

Hand Weapons
 a - a +2 dagger (weapon)
Armour
 b - a +1 robe (worn)
 u - a +0 cloak (worn)
 y - a +2 pair of gloves (worn)
Jewellery
 i - a ring of wizardry (left hand)
 m - an uncursed ring of poison resistance
 x - the ring of Ytwiut (right hand) {MR+ Dex+3 Slay+1}
   (You bought it in a shop on level 6 of the Dungeon)

   [ring of slaying]

   It affects your dexterity (+3).
   It affects your accuracy and damage with ranged weapons and melee attacks
   (+1).
   It affects your resistance to hostile enchantments.
Wands
 d - a wand of acid (6)
 h - a wand of flame (13)
 l - a wand of iceblast (9)
Scrolls
 f - a scroll of amnesia
 k - 2 scrolls of enchant armour
 q - a scroll of fog
 r - 3 scrolls of remove curse
 s - 3 scrolls of identify
 v - a scroll of blinking {unknown}
 w - a scroll of magic mapping {unknown}
Potions
 c - 2 potions of mutation
 e - 2 potions of stabbing
 g - 4 potions of heal wounds
 j - 2 potions of cancellation
 n - 4 potions of curing
 p - 2 potions of ambrosia
 t - a potion of lignification {unknown}


   Skills:
 * Level 8.0 Short Blades
 - Level 2.1 Dodging
 + Level 9.3 Stealth
 + Level 5.0 Spellcasting
 + Level 8.7 Hexes


You had 5 spell levels left.
You knew the following spells:

 Your Spells              Type           Power        Failure   Level  Hunger
a - Corona                Hex            ####...      1%          1    N/A
b - Ensorcelled Hibernat  Hex/Ice        ###...       1%          2    N/A
c - Confusing Touch       Hex            ####....     1%          3    N/A
d - Tukima's Dance        Hex            ####....     1%          3    N/A
e - Dazzling Flash        Conj/Hex       ###...       2%          3    N/A

Your spell library contained the following spells:

 Spells                   Type           Power        Failure   Level  Hunger


Dungeon Overview and Level Annotations

Branches:
Dungeon (6/15)             Temple (0/1) D:6

Altars:
Cheibriados
Kikubaaqudgha
Nemelex Xobeh
Uskayaw
Wu Jian
Yredelemnul
Zin

Shops:
D:6 =

Annotations:
D:6 1 runed translucent door, exclusion: oklob plant, Wiebster667's ghost, novice OpFi


Innate Abilities, Weirdness & Mutations

You do not eat.
You do not regenerate when monsters are visible.
You are frail without blood (-20% HP).
You can heal yourself when you bite living creatures.
You are immune to poison.
You have razor-sharp teeth.
You have supernaturally acute eyesight. (SInv)
You can survive without breathing.


Message History

Unknown command.
Evoke which item? (* to show all) (? for menu, Esc to quit)
Okay, then.
Really walk into a travel-excluded area?
You catch the helpless oklob plant completely off-guard!
You impale the oklob plant!!
The oklob plant is heavily damaged.
You hit the oklob plant.
The oklob plant is severely damaged.
You hit the oklob plant but do no damage.
The oklob plant is severely damaged.
The oklob plant spits acid at you. The splash of acid hits you.
The acid corrodes you!
You are splashed with acid!
You hit the oklob plant.
The oklob plant is severely damaged.
The oklob plant spits acid at you. The splash of acid hits you!
* * * LOW HITPOINT WARNING * * *
You are splashed with acid!
You die...

................# #%......#
####....>...(...#####.......#
#.............$.##.......#
##.............$##†......#
#........(#....##.......#
#.%.......#.P.. ###...###
###############P_P ###...#
................P## #.....#
................@.# #.#...#
.##########...###.###.#...#######
..#§§ #...#......................
..+§O ###.#...........#...#.....#
..#W§ #..........................
.#### #.#.###.###.#.###.........#
.#.####.#.# #.# #.#.....8#......#
.#......#.# #.# #.#...##.#......#
.########.# #.# #.#...##.#.......


You could see an oklob plant.

Vanquished Creatures
  Edmund (D:5)
  An orc warrior (D:6)
  A phantom (D:6)
  A sky beast (D:6)
  An ice beast (D:6)
  3 centaurs
  4 ogres (D:4)
  A bullfrog (D:6)
  A scorpion (D:4)
  2 wights (D:6)
  A crimson imp (D:6)
  A bullfrog zombie (D:6)
  2 hounds
  A centaur skeleton (D:6)
  A bullfrog skeleton (D:5)
  An iron imp (D:6)
  3 orc wizards (D:6)
  Jessica (D:2)
  Ijyb (D:3)
  4 worker ants
  A howler monkey zombie (D:5)
  3 gnolls (D:2)
  9 adders
  4 worms
  2 dart slugs (D:1)
  6 leopard geckos
  10 orcs
  2 giant cockroaches
  4 goblins
  4 hobgoblins
  11 jackals
  5 quokkas
  3 ball pythons
  12 bats
  5 frilled lizards
  4 kobolds
  A quokka skeleton (D:3)
  8 rats
126 creatures vanquished.

Notes
Turn   | Place    | Note
-------+----------+-------------------------------------------
     0 | D:1      | kae the Vampire Enchanter began the quest for the Orb.
     0 | D:1      | Reached XP level 1. HP: 13/13 MP: 3/3
   323 | D:1      | Reached XP level 2. HP: 19/19 MP: 5/5
   505 | D:1      | Learned a level 2 spell: Ensorcelled Hibernation
   959 | D:2      | Reached skill level 5 in Stealth
   959 | D:2      | Reached XP level 3. HP: 11/24 MP: 0/6
  1206 | D:2      | Found a basalt altar of Yredelemnul.
  1206 | D:2      | Found a glowing silver altar of Zin.
  1206 | D:2      | Found an ancient bone altar of Kikubaaqudgha.
  1207 | D:2      | Found a hide-covered altar of Uskayaw.
  1247 | D:2      | Reached skill level 5 in Hexes
  1306 | D:2      | Reached XP level 4. HP: 22/30 MP: 2/7
  1714 | D:2      | Noticed Jessica
  1720 | D:2      | Killed Jessica
  1858 | D:3      | Reached XP level 5. HP: 33/35 MP: 4/9
  1921 | D:3      | Noticed Ijyb
  2168 | D:3      | Killed Ijyb
  2431 | D:3      | Reached skill level 6 in Stealth
  2712 | D:4      | Noticed an ogre
  2746 | D:4      | Reached XP level 6. HP: 40/41 MP: 3/10
  2958 | D:4      | Reached skill level 5 in Short Blades
  2958 | D:4      | Reached skill level 7 in Stealth
  2958 | D:4      | Reached XP level 7. HP: 41/46 MP: 5/12
  3327 | D:4      | You fall into a shaft and drop 1 floor!
  3327 | D:5      | Entered Level 5 of the Dungeon
  3509 | D:5      | Noticed Edmund
  3514 | D:5      | Killed Edmund
  3538 | D:5      | Learned a level 3 spell: Confusing Touch
  3542 | D:5      | Learned a level 3 spell: Tukima's Dance
  3546 | D:5      | Learned a level 3 spell: Dazzling Flash
  3885 | D:5      | Found a sparkling altar of Nemelex Xobeh.
  4248 | D:6      | Reached skill level 8 in Stealth
  4248 | D:6      | Reached XP level 8. HP: 52/52 MP: 8/14
  4277 | D:6      | Found a sparkling altar of Nemelex Xobeh.
  4278 | D:6      | Noticed an oklob plant
  4355 | D:6      | Found Egufuq's Jewellery Boutique.
  4477 | D:6      | Bought the ring of Ytwiut {MR+ Dex+3 Slay+1} for 298 gold
                  | pieces
  4477 | D:6      | Bought a cursed amulet of inaccuracy for 24 gold pieces
  4835 | D:6      | Found a staircase to the Ecumenical Temple.
  4958 | D:6      | Found an ornate altar of the Wu Jian Council.
  5015 | D:6      | Reached skill level 9 in Stealth
  5118 | D:6      | Found a snail-covered altar of Cheibriados.
  5431 | D:6      | Reached skill level 5 in Spellcasting
  5561 | D:6      | Found a runed translucent door.
  5562 | D:6      | Noticed Wiebster667's ghost (novice OpFi)
  5562 | D:6      | Noticed an ogre mage
  5751 | D:6      | Splashed by an oklob plant's acid

Levels and vault maps discovered:
D:1:      dpeg_arrival_lava_temple_mockup, layout_loops_ring,
          minmay_misc_feat_plants, st_stairs_8
D:2:      layout_loops_corners, chequers_temple_overflow_statue_of_worship,
          uniq_jessica
D:3:      layout_rooms, uniq_ijyb
D:4:      layout_rooms, first_ration, kennysheep_generic_room_6
D:5:      layout_basic, kennysheep_mini_moat, uniq_edmund
D:6:      layout_basic, kennysheep_mini, slow_altar_1,
          minmay_temple_entry_from_below_a, serial_shops, shop_statue,
          ebering_ghost_inner_flame, lemuel_oklob_altar

Skill      XL: |  1  2  3  4  5  6  7  8 |
---------------+-------------------------+-----
Short Blades   | 2 3 4 5 6 8 |  8.0
Stealth        | 5 6 7 8 9 |  9.3
Hexes          | 5 6 7 8 |  8.7
Spellcasting   | 3 4 5 |  5.0
Dodging        | |  2.1

Action                   |  1- 3 |  4- 6 |  7- 9 || total
-------------------------+-------+-------+-------++-------
Melee: Dagger            |   110 |    86 |   169 ||   365
       Bite              |     8 |     6 |    19 ||    33
 Cast: Corona            |     2 |     2 |     3 ||     7
       Ensorcelled Hiber |     7 |    34 |    23 ||    64
       Confusing Touch   |       |       |     5 ||     5
 Abil: Exsanguinate      |       |       |     1 ||     1
  Use: Scroll            |     3 |     6 |     4 ||    13
       Potion            |     1 |       |       ||     1
 Stab: Sleeping          |    13 |    31 |    31 ||    75
       Distracted        |       |     1 |     1 ||     2
       Confused          |       |       |     4 ||     4
Armor: Robe              |    11 |    30 |    21 ||    62
Dodge: Dodged            |    87 |    72 |    67 ||   226

Table legend:
 A = Non-vault XP
 B = Vault XP
 C = Vault XP percentage of total XP
 D = Non-vault monster count
 E = Vault monster count
 F = Vault count percentage of total count
                 A         B        C        D         E       F
            +---------+---------+-------+---------+---------+-------
      Total |    2452 |     272 |  10.0 |     119 |       7 |   5.6
            +---------+---------+-------+---------+---------+-------
        D:1 |      24 |       4 |  14.3 |      14 |       1 |   6.7
        D:2 |     123 |      37 |  23.1 |      29 |       1 |   3.3
        D:3 |      82 |      36 |  30.5 |      20 |       1 |   4.8
        D:4 |     682 |       3 |   0.4 |      11 |       2 |  15.4
        D:5 |     265 |     153 |  36.6 |      16 |       1 |   5.9
        D:6 |    1276 |      39 |   3.0 |      29 |       1 |   3.3
            +---------+---------+-------+---------+---------+-------
